 Dungeon Crawl Stone Soup version 0.25.1-2-g60ff931df9 (webtiles) character file.

Game seed: 5138350861834482702

5877 Johnny the Frost Mage (level 10, -1/69 HPs)
             Began as a Demigod Ice Elementalist on Aug 24, 2020.
             Killed from afar by an electric eel (11 damage)
             ... with a bolt of electricity
             ... on level 9 of the Dungeon.
             The game lasted 00:10:30 (10115 turns).

Johnny the Frost Mage (Demigod Ice Elementalist)   Turns: 10115, Time: 00:10:30

Health: -1/69      AC:  9    Str: 10 (11) XL:     10   Next: 28%
Magic:  17/25      EV: 12    Int: 23 (25) God:
Gold:   339        SH:  5    Dex: 15 (16) Spells: 16/24 levels left

rFire    . . .     SeeInvis .   w - +5 whip (venom)
rCold    . . .     Gourm    .   C - +0 buckler
rNeg     . . .     Faith    .   D - +0 steam dragon scales
rPois    .         Spirit   .   s - +0 helmet
rElec    .         Reflect  .   d - +2 cloak
rCorr    .         Harm     .   (no gloves)
MR       +++..                  (no boots)
Stlth    +.........             (no amulet)
HPRegen  0.21/turn              B - ring of protection from magic
MPRegen  0.19/turn              L - ring of protection from magic

@: very slow
A: high mp 1
a: no special abilities


You were on level 9 of the Dungeon.
You were near starving.

You visited 1 branch of the dungeon, and saw 9 of its levels.

You collected 339 gold pieces.

Inventory:

Hand Weapons
 w - a +5 whip of venom (weapon)
Armour
 d - a +2 cloak (worn)
 s - a +0 helmet (worn)
 C - a +0 buckler (worn)
 D - +0 steam dragon scales (worn)
Jewellery
 B - a ring of protection from magic (left hand)
 L - a ring of protection from magic (right hand)
Wands
 a - a wand of flame (37)
 y - a wand of random effects (57)
 A - a wand of acid (6)
Scrolls
 e - 4 scrolls of amnesia
 g - 3 scrolls of fog
 l - 2 scrolls of magic mapping
 o - 3 scrolls of remove curse
 p - 3 scrolls of teleportation
 r - 3 scrolls of noise
 t - a scroll of blinking
 x - 2 scrolls of enchant armour {unknown}
 E - 2 scrolls of torment {unknown}
 H - a scroll of silence {unknown}
Potions
 f - 2 potions of stabbing {unknown}
 h - 4 potions of curing {unknown}
 i - a potion of magic {unknown}
 k - a potion of mutation {unknown}
 m - 2 potions of heal wounds {unknown}
 n - 4 potions of degeneration
 q - 2 potions of might {unknown}
 u - a potion of invisibility {unknown}
 v - a potion of haste {unknown}
 z - a potion of resistance {unknown}
 G - 2 potions of flight {unknown}
 I - a potion of brilliance {unknown}
 J - a potion of ambrosia {unknown}
 K - a potion of berserk rage {unknown}
Comestibles
 c - 18 rations


   Skills:
 - Level 1.7 Dodging
 - Level 1.7 Stealth
 + Level 4.3 Shields
 + Level 7.5 Spellcasting
 * Level 11.7 Ice Magic


You had 16 spell levels left.
You knew the following spells:

 Your Spells              Type           Power        Failure   Level  Hunger
a - Freeze                Ice            ####         1%          1    None
b - Frozen Ramparts       Ice            ######       1%          3    None
e - Summon Ice Beast      Ice/Summ       #####...     6%          4    ###....

Your spell library contained the following spells:

 Spells                   Type           Power        Failure   Level  Hunger
 Ozocubu's Armour         Chrm/Ice       #####...     1%          3    None
 Hailstorm                Conj/Ice       #####...     6%          4    ###....
 Shock                    Conj/Air       #...         8%          1    None
 Swiftness                Chrm/Air       #.......     11%         2    None
 Static Discharge         Conj/Air       #.......     22%         3    None
 Airstrike                Air            #.........   58%         4    ###....
 Lightning Bolt           Conj/Air       #.........   90%         5    #####..


Dungeon Overview and Level Annotations

Branches:
Dungeon (9/15)             Temple (0/1) D:6
   Lair: D:8-11         Orc: D:9-12

Annotations:
D:7 1 runed translucent door


Innate Abilities, Weirdness & Mutations

You have an increased reservoir of magic. (+10% MP)


Message History

Your ice beast disappears in a puff of smoke!
A bolt of electricity appears from out of thin air!
The bolt of electricity hits you!
You enter the shallow water.
Moving in this stuff is going to be slow.
A bolt of electricity appears from out of thin air!
The bolt of electricity hits you.
* * * LOW HITPOINT WARNING * * *
A bolt of electricity appears from out of thin air!
The bolt of electricity hits you!
* * * LOW HITPOINT WARNING * * *
Okay, then.
Evoke which item? (* to show all) (? for menu, Esc to quit)
Okay, then.
It was a potion of degeneration.
There was something very wrong with that liquid.
You feel weakened.
You feel dopey.
You feel clumsy.
A bolt of electricity appears from out of thin air!
The bolt of electricity hits you!
You die...

...............[)......≈≈
..... ..................≈
..... ..................
..... ≈................
.... ≈≈...............
### ≈≈............... #
≈≈............... #
........{≈≈.....
.......@≈≈≈≈....
.......≈≈≈≈≈....
.......≈≈≈≈≈....
........≈≈§....#
...............
...............
.###...........
#...........


There were no monsters in sight!

Vanquished Creatures
  A hydra (D:8)
  Pikel (D:6)
  Psyche (D:9)
  Maggie (D:7)
  Grinder (D:6)
  2 hippogriffs
  A spriggan (D:8)
  Edmund (D:5)
  3 orc warriors
  4 slaves (D:6)
  A sky beast (D:6)
  A black bear (D:6)
  3 ice beasts (D:6)
  A phantom (D:8)
  2 ogres
  2 centaurs (D:6)
  Blork the orc (D:6)
  4 bullfrogs
  4 scorpions
  2 killer bees
  A wight (D:9)
  2 howler monkeys (D:9)
  An electric eel (D:9)
  4 crimson imps
  A quasit (D:9)
  A bullfrog zombie (D:6)
  2 hounds
  4 orc wizards
  3 orc priests
  4 jellies
  6 iguanas
  6 worker ants
  2 hound zombies
  3 adders
  An ooze (D:2)
  An adder skeleton (D:4)
  2 worms
  A leopard gecko (D:8)
  28 orcs
  7 bats
  3 giant cockroaches
  7 hobgoblins
  8 jackals
  5 kobolds
  4 quokkas
  2 ball pythons
  5 frilled lizards
  7 goblins
  6 rats
164 creatures vanquished.

Vanquished Creatures (collateral kills)
  An orc warrior (D:9)
  A black bear (D:9)
  An ogre (D:9)
  2 bullfrogs (D:9)
  3 killer bees (D:9)
  3 wights (D:9)
  2 orc wizards (D:9)
  3 orcs (D:9)
16 creatures vanquished.

Grand Total: 180 creatures vanquished

Notes
Turn   | Place    | Note
-------+----------+-------------------------------------------
     0 | D:1      | Johnny the Demigod Ice Elementalist began the quest for the
                  | Orb.
     0 | D:1      | Reached XP level 1. HP: 14/14 MP: 5/5
   474 | D:1      | Reached skill level 4 in Ice Magic
   474 | D:1      | Reached XP level 2. HP: 20/20 MP: 1/7
  1446 | D:2      | Reached XP level 3. HP: 26/26 MP: 5/9
  1451 | D:2      | Learned a level 3 spell: Frozen Ramparts
  1881 | D:2      | Reached XP level 4. HP: 24/33 MP: 4/10
  2191 | D:3      | Found a sacrificial altar of Ru.
  2225 | D:3      | Found a hide-covered altar of Uskayaw.
  2229 | D:3      | Found a sparkling altar of Nemelex Xobeh.
  2896 | D:3      | Reached skill level 5 in Ice Magic
  3308 | D:4      | Found a radiant altar of Vehumet.
  3506 | D:4      | Reached XP level 5. HP: 32/38 MP: 5/12
  3662 | D:4      | Noticed a centaur
  3815 | D:4      | Found a bloodstained altar of Trog.
  3993 | D:5      | Entered Level 5 of the Dungeon
  4056 | D:5      | Noticed Edmund
  4067 | D:5      | Killed Edmund
  4194 | D:5      | Reached skill level 6 in Ice Magic
  4308 | D:5      | Reached XP level 6. HP: 45/45 MP: 14/14
  4503 | D:5      | Found a shimmering altar of Xom.
  4690 | D:6      | Noticed Blork the orc
  4700 | D:6      | Killed Blork the orc
  4744 | D:5      | Learned a level 4 spell: Summon Ice Beast
  5004 | D:6      | Reached skill level 7 in Ice Magic
  5004 | D:6      | Reached XP level 7. HP: 36/50 MP: 16/16
  5287 | D:6      | Found a staircase to the Ecumenical Temple.
  5350 | D:6      | Noticed Grinder
  5373 | D:6      | Killed Grinder
  5373 | D:6      | Reached skill level 5 in Spellcasting
  5373 | D:6      | Reached skill level 8 in Ice Magic
  5373 | D:6      | Reached XP level 8. HP: 38/57 MP: 19/19
  5565 | D:6      | Noticed Pikel
  5575 | D:6      | Killed Pikel
  5575 | D:6      | Reached skill level 9 in Ice Magic
  7007 | D:6      | Reached XP level 9. HP: 51/62 MP: 22/22
  7194 | D:7      | Found a shattered altar of Ashenzari.
  7205 | D:7      | Reached skill level 10 in Ice Magic
  7315 | D:7      | Noticed Maggie
  7322 | D:7      | Killed Maggie
  7322 | D:7      | Reached skill level 1 in Shields
  8314 | D:7      | Noticed a sixfirhy
  8315 | D:7      | Found a runed translucent door.
  8604 | D:8      | Noticed a four-headed hydra
  8772 | D:8      | Found a stormy altar of Qazlal.
  9114 | D:8      | Found a shadowy altar of Dithmenos.
  9328 | D:8      | Killed a four-headed hydra
  9328 | D:8      | Reached skill level 11 in Ice Magic
  9590 | D:9      | Noticed Psyche
  9597 | D:9      | Killed Psyche
  9597 | D:9      | Reached XP level 10. HP: 37/69 MP: 15/25
  9776 | D:9      | Found a shimmering altar of Xom.
  9777 | D:9      | Found a shimmering altar of Xom.
  9779 | D:9      | Found a shimmering altar of Xom.
 10115 | D:9      | Killed from afar by an electric eel

Illustrated notes

Levels and vault maps discovered:
D:1:      dpeg_arrival_round_a, layout_basic
D:2:      layout_rooms
D:3:      layout_basic, grunt_temple_overflow_open, minmay_misc_feat_diagonals
D:4:      layout_loops_cross, nicolae_overflow_hidden_temple, marbit_many_paths,
          first_ration, lightli_corner_chamber
D:5:      layout_rooms, xom_butterflies, uniq_edmund
D:6:      layout_gridville, minmay_temple_entry_arrows, dk_vineyard_2,
          abandoned_shop, kennysheep_decorative_pillar, uniq_grinder,
          uniq_blork_the_orc, uniq_pikel
D:7:      cheibrodos_shockbox, layout_basic, basic_altar, uniq_maggie
D:8:      layout_loops_ring, grunt_dithmenos_shadows, grunt_qazlal_sundering,
          the_bakery, minmay_chambers_of_fives
D:9:      layout_big_octagon, xom_redecorated, uniq_psyche

Skill      XL: |  1  2  3  4  5  6  7  8  9 10 |
---------------+-------------------------------+-----
Spellcasting   | 2 3 4 5 6 7 |  7.5
Ice Magic      | 4 5 6 7 8 9 11 | 11.7
Shields        | 3 4 |  4.3
Dodging        | |  1.7
Stealth        | |  1.7

Action                   |  1- 3 |  4- 6 |  7- 9 | 10-12 || total
-------------------------+-------+-------+-------+-------++-------
Melee: Unarmed           |    38 |    69 |       |       ||   107
       Whip              |       |    25 |   178 |    59 ||   262
 Cast: Freeze            |    44 |    35 |    52 |     4 ||   135
       Frozen Ramparts   |       |     8 |    19 |     3 ||    30
       Summon Ice Beast  |       |       |     1 |    14 ||    15
Evoke: Wand              |       |     4 |    11 |     3 ||    18
  Use: Scroll            |       |       |       |    11 ||    11
       Potion            |       |       |       |     1 ||     1
 Stab: Sleeping          |     4 |     3 |     7 |       ||    14
       Distracted        |       |       |       |     1 ||     1
  Eat: Chunk             |     3 |    10 |    15 |     1 ||    29
Armor: Robe              |    24 |    38 |    39 |       ||   101
       Steam dragon scal |       |       |    33 |    27 ||    60
Dodge: Dodged            |    29 |    72 |   135 |    51 ||   287
Block: Buckler           |       |       |    17 |    23 ||    40
